Map: King Sejong Station LE

Players

ElChurrosMaB

  • Race: Terran Terran
  • League: Platinum

Gracz - Winner!

  • Race: Protoss Protoss
  • League: Silver

VOD

Have the link to the VOD?

Description

Time

  • Played on: Oct. 22, 2016, 4:10 p.m.
  • Length: 11:26
Show
View Real Time Build Order
Export as new Build Order

ElChurrosMaB Terran 

Build Orders:  

Get SALT Encoding   

  12  0:01  SCV  
  13  0:14  Supply Depot  
  13  0:18  SCV  
  14  0:30  SCV  
  15  0:39  Barracks  
  15  0:42  SCV  
  16  0:50  Refinery  
  16  0:54  SCV  
  17  0:57  Refinery  
  17  1:06  SCV  
  18  1:18  SCV  
  19  1:27  Supply Depot  
  19  1:30  SCV  
  20  1:35  Barracks Tech Lab  
  20  1:44  Barracks  
  20  1:48  Ghost Academy  
  20  2:01  Orbital Command  
  20  2:24  Personal Cloaking  
  20  2:27  SCV  
  21  2:39  SCV  
  22  2:45  Barracks Tech Lab  
  22  2:49  Ghost  
  24  2:52  SCV  
  25  3:04  SCV  
  25  3:05  Barracks  
  26  3:16  Ghost, SCV  
  29  3:36  Unknown, Command Center  
  29  3:51  Supply Depot  
  29  4:11  Ghost  
  29  4:12  Ghost  
  29  4:14  Supply Depot  
  33  4:18  Supply Depot  
  33  4:25  Barracks Reactor  
  33  4:28  Barracks Tech Lab  
  33  4:40  Supply Depot  
  33  4:46  Ghost x2  
  33  4:47  Unknown  
  37  5:14  Ghost  
  37  5:15  Ghost  
  41  5:31  SCV  
  42  5:35  Refinery  
  42  5:37  Refinery  
  42  5:46  SCV x2  
  44  5:58  SCV x2  
  36  7:05  Marauder x3  
  36  7:13  Factory  
  36  7:19  Barracks  
  36  7:21  SCV  
  38  7:24  Orbital Command  
  38  7:26  Marauder x2  
  43  7:33  SCV  
  42  7:45  SCV  
  42  7:47  Marine x2  
  42  7:48  Supply Depot x2  
  42  7:51  Barracks Reactor  
  45  7:52  SCV  
  45  7:57  SCV  
  47  8:04  SCV  
  48  8:11  Supply Depot  
  48  8:13  Supply Depot  
  48  8:18  Starport  
  48  8:19  Starport  
  48  8:21  Starport  
  48  8:23  Siege Tank  
  48  8:24  Starport  
  39  8:35  Marine, Supply Depot  
  39  8:36  Marine x2, Supply Depot  
  39  8:37  Marauder x2  
  42  8:53  Marine x2  
  36  9:04  Marine  
  36  9:05  Marauder  
  31  9:11  Marine  
  31  9:16  Marine  
  32  9:26  Marauder  
  29  9:48  Marauder  
  31  9:55  Marine x3  
  34  10:01  SCV  
  35  10:07  Starport Tech Lab x2  
  35  10:09  Marine  
  35  10:13  Marine x3, SCV  
  40  10:19  Fusion Core  
  31  10:53  Marine x3, Marauder  
Show
View Real Time Build Order
Export as new Build Order

Gracz Protoss - Winner!

Build Orders:  

Get SALT Encoding   

  12  0:01  Probe (Chrono Boost)  
  13  0:13  Pylon  
  13  0:27  Assimilator, Probe (Chrono Boost)  
  14  0:40  Pylon  
  14  0:41  Probe (Chrono Boost)  
  15  0:54  Probe (Chrono Boost)  
  16  1:01  Gateway  
  16  1:05  Probe (Chrono Boost)  
  16  1:10  Gateway  
  17  1:18  Assimilator  
  17  1:21  Probe (Chrono Boost)  
  18  1:33  Probe (Chrono Boost)  
  19  1:41  Gateway  
  19  1:44  Probe (Chrono Boost)  
  20  1:53  Cybernetics Core  
  20  1:59  Probe (Chrono Boost)  
  21  2:14  Warp Gate  
  21  2:17  Gateway  
  21  2:23  Probe (Chrono Boost)  
  21  2:28  Pylon  
  22  2:43  Robotics Facility  
  22  2:53  Robotics Facility  
  22  3:20  Unknown, Nexus  
  22  3:26  Probe (Chrono Boost)  
  23  3:35  Twilight Council  
  23  3:51  Probe (Chrono Boost)  
  24  4:00  Gateway  
  24  4:02  Blink  
  26  4:05  Mothership Core (Chrono Boost)  
  26  4:07  Gateway  
  27  4:25  Probe (Chrono Boost)  
  27  4:31  Unknown  
  27  4:33  Probe (Chrono Boost)  
  27  4:37  Probe (Chrono Boost)  
  29  4:39  Immortal  
  29  4:44  Probe (Chrono Boost)  
  34  4:49  Probe (Chrono Boost)  
  35  4:54  Assimilator, Probe (Chrono Boost)  
  35  4:58  Assimilator  
  37  5:01  Probe (Chrono Boost)  
  37  5:05  Probe (Chrono Boost)  
  38  5:09  Immortal  
  42  5:18  Stalker  
  44  5:31  Stalker, Probe x2 (Chrono Boost)  
  49  5:43  Probe (Chrono Boost)  
  49  5:47  Stalker x2  
  53  5:59  Pylon  
  53  6:00  Pylon  
  53  6:02  Pylon  
  53  6:12  Immortal  
  55  6:19  Observer  
  46  6:31  Stalker x3  
  25  7:13  Probe x2 (Chrono Boost)  
  27  7:25  Probe x2 (Chrono Boost)  
  30  7:37  Probe (Chrono Boost)  
  30  7:51  Probe (Chrono Boost)  
  29  9:16  Stalker x3  
  35  9:20  Probe x2 (Chrono Boost)  
  37  9:42  Probe x2 (Chrono Boost)  
  40  9:54  Probe (Chrono Boost)  
  40  10:09  Stalker x2  
  42  10:45  Stalker x3  
  48  10:56  Probe x2 (Chrono Boost)  
Tags
 
Add a new tag
Caveats
  • Supply blocks, unpowered buildings, or Contaminate may cause inaccurate times.
  • Supply counts are checked every 10 seconds.